 Dungeon Crawl Stone Soup version 0.31-a0-851-g7ff8af7976 (webtiles) character file.

Game seed: 4537647485806198086

378 Flugkiller the Insei (level 6, 0/38 HPs)
             Began as an Octopode Shapeshifter on Oct 6, 2023.
             Slain by Pikel
             ... wielding a +1 whip of flaming
              (3 damage)
             ... on level 5 of the Dungeon.
             The game lasted 00:02:23 (2819 turns).

Flugkiller the Insei (Octopode Shapeshifter)        Turns: 2819, Time: 00:02:23

Health: 0/38       AC:  1    Str: 18    XL:     6   Next: 74%
Magic:  6/6        EV: 13    Int: 12    God:
Gold:   199        SH:  0    Dex: 17    Spells: 5/5 levels left

rFire   x .          .
                       - Unarmed
rCold   . . .        (no shield)
rNeg    . . .        (helmet currently unavailable)
rPois   .            (no amulet)
rElec   .            j - +4 ring of slaying
rCorr   +            g - +4 ring of slaying
SInv    .            e - ring "Xaxubren" {rF- rCorr Str+5 Dex+3}
Will    .....        (no ring)
Stlth   +++          (no ring)
HPRegen 0.26/turn    (no ring)
MPRegen 0.10/turn    (no ring)
                     (no ring)

%: no passive effects
@: beast-form
A: beast (slay +1), almost no armour, amphibious, 8 rings, camouflage 1,
gelatinous body 1, (nimble swimmer 1), tentacles
a: Begin Untransformation


You were on level 5 of the Dungeon.
You were a hulking beast.
You visited 1 branch of the dungeon, and saw 5 of its levels.

You collected 230 gold pieces.
You spent 31 gold pieces at shops.

Inventory:

Jewellery
 e - the ring "Xaxubren" (on tentacle) {rF- rCorr Str+5 Dex+3}
   (You found it on level 3 of the Dungeon)

   [ring of resist corrosion]

   Str+5:     It affects your strength (+5).
   Dex+3:     It affects your dexterity (+3).
   rF-:       It makes you vulnerable to fire.
   rCorr:     It protects you from acid and corrosion.
 g - a +4 ring of slaying (right tentacle)
   (You found it on level 2 of the Dungeon)
 j - a +4 ring of slaying (left tentacle)
   (You found it on level 1 of the Dungeon)
Talismans
 b - a beast talisman (active)
 c - a flux talisman
Scrolls
 a - a scroll of fear
 h - a scroll of vulnerability
 i - a scroll of acquirement {unknown}
 m - a scroll of silence
 t - a scroll of teleportation
Potions
 d - 2 potions of brilliance
 f - a potion of haste {unknown}
 l - 2 potions of mutation {unknown}
 n - a potion of magic {unknown}
 p - a potion of attraction {unknown}
 q - a potion of curing


   Skills:
 - Level 1.0 Fighting
 - Level 2.0 Dodging
 + Level 7.3 Unarmed Combat
 - Level 3.0 Shapeshifting


You had 5 spell levels left.
You didn't know any spells.
Your spell library contained the following spells:

 Spells                   Type           Power      Damage    Failure   Level
 Dazzling Flash           Conj/Hex       0%         N/A       69%         3
 Inner Flame              Hex/Fire       0%         N/A       69%         3
 Volatile Blastmotes      Fire/Tloc      0%         2d10      69%         3
 Yara's Violent Unravell  Hex/Tmut       0%         3d3       100%        5
 Starburst                Conj/Fire      0%         6d3       100%        6
 Enfeeble                 Hex            0%         N/A       100%        7
 Maxwell's Capacitive Co  Air            0%         ∞         100%        8


Dungeon Overview and Level Annotations

Branches:
Dungeon (5/15) Zot: 26909
 Temple: D:4-7

Altars:
Kikubaaqudgha
Vehumet

Shops:
D:3 :   D:4 *

Annotations:
D:3 1 runed translucent door, Cris's ghost, amateur DsEE
D:5 Pikel


Innate Abilities, Weirdness & Mutations

You are a hulking beast.
Your limbs bulge with bestial killing power. (Slay +1)
You cannot wear most types of armour.
You are amphibious.
You can wear up to eight rings at the same time.
Your skin changes colour to match your surroundings (Stealth+).
Your rubbery body absorbs attacks. (AC +1, EV +1)
((You are camouflaged when in or above water. (Stealth+)))
You have tentacles for arms and can constrict up to eight enemies at once.


Message History

A jelly comes into view.
A jelly is nearby!
No target in view!
No target in view!
No target in view!
No target in view!
No target in view!
No target in view!
No target in view!
No target in view!
The jelly quivers.
The jelly misses you.
You tentacle-slap the jelly.
Your tentacles burn!
You tentacle-slap the jelly!
You kill the jelly!
No target in view!
An orc comes into view. It is wielding a +0 hand axe.
An orc is nearby!
An orc is nearby!
The orc shouts!
You hear a shout!
An orc comes into view. It is wielding a +0 club.
The orc closely misses you.
You bludgeon the orc!
You kill the orc!
An orc priest comes into view. It is wielding a +0 trident.
An ogre comes into view. It is wielding a +0 giant spiked club.
Things that are here:
a +0 hand axe; a +0 ring mail; an orc corpse
Found a book of Decay.
Found a stone staircase leading up.
The ogre attacks as it pursues you! The ogre barely misses you.
There is a stone staircase leading up here.
You climb upwards.
There is a stone staircase leading down here.
There is an escape hatch in the floor here.
You slide downwards.
The hatch slams shut behind you.
The lemure shouts!
You hear a shout!
A lemure comes into view.
You hear a shout!
Found 30 gold pieces and a book of Misfortune.
There are monsters nearby!
You see here a book of Misfortune.
The helpless adder fails to defend itself.
You bludgeon the adder!
You kill the adder!
A lemure comes into view.
The lemure misses you.
You see here a book of Misfortune.
You bludgeon the lemure! You grab the lemure. You tentacle-slap the lemure!
The lemure is almost dead.
You constrict the lemure.
You kill the lemure!
That felt strangely unrewarding.
You tentacle-slap the lemure. You grab the lemure.
Your tentacle-slap misses the lemure.
The lemure is lightly wounded.
You constrict the lemure, but do no damage.
The lemure hits you.
You bludgeon the lemure!
The lemure is moderately wounded.
You constrict the lemure. The lemure misses you.
You bludgeon the lemure! You tentacle-slap the lemure.
You kill the lemure!
That felt strangely unrewarding.
No target in view!
You pick up a book of Misfortune and begin reading...
You add the spells Inner Flame, Yara's Violent Unravelling and Enfeeble to your library.
Pikel, Merchant of Souls comes into view.
He is wielding a +1 whip of flaming.
Pikel is nearby!
Pikel is nearby!
A lemure comes into view.
The lemure moves out of view.
What are your orders? t - Shout!
Orders for allies: a - Attack new target. r - Retreat! s - Stop attacking. g - Guard the area. f - Follow me.
Anything else - Cancel.
You shout for attention!
Pikel shouts!
You hear a shout! x2
Pikel scowls and wipes his hands on his robe.
Pikel hits you with a +1 whip of flaming!
Pikel burns you.
You bludgeon Pikel! You grab Pikel.
Pikel is moderately wounded.
You constrict Pikel. You bludgeon Pikel!
Pikel is severely wounded.
You constrict Pikel, but do no damage.
Pikel hits you with a +1 whip of flaming!
Pikel burns you!
* * * LOW HITPOINT WARNING * * *
You are too injured to fight recklessly!
You are too injured to fight recklessly!
You barely miss Pikel.
Pikel is severely wounded.
You constrict Pikel.
Pikel hits you with a +1 whip of flaming.
* * * LOW HITPOINT WARNING * * *
Pikel burns you.
You die...
Pikel says, "See you in Hell!"

#. #O#..#... #
#<# .#..# #.#
.#..# #.# #..
#.# #.. #..
#.# ### #.#
#.# # #h# . #.
#K# ...
#..#.###.....
#....5.......
#$.....K.$..#
#..........##
.............#
#####.######.#
.. ..


You could see Pikel and a lemure.

Vanquished Creatures
  2 lemures (D:5)
  A scorpion (D:4)
  A jelly (D:5)
  A hound (D:4)
  2 orc priests (D:4)
  An orc wizard (D:4)
  Natasha (D:2)
  6 adders
  2 worms
  3 dart slugs
  10 orcs
  9 ball pythons
  7 endoplasms
  4 giant cockroaches
  6 goblins
  9 hobgoblins
  3 jackals (D:2)
  A quokka (D:1)
  5 bats
  6 frilled lizards
  8 kobolds
  5 rats
93 creatures vanquished.

Notes
Turn   | Place    | Note
-------+----------+-------------------------------------------
     0 | D:1      | Flugkiller the Octopode Shapeshifter began the quest for
                  | the Orb.
     0 | D:1      | Reached XP level 1. HP: 13/13 MP: 1/1
   143 | D:1      | Reached XP level 2. HP: 18/18 MP: 2/2
   393 | D:1      | Reached skill level 4 in Unarmed Combat
   439 | D:1      | Reached XP level 3. HP: 23/23 MP: 3/3
   676 | D:2      | Reached XP level 4. HP: 28/28 MP: 4/4
   744 | D:2      | Noticed Natasha
   864 | D:2      | Killed Natasha
   865 | D:2      | Reached skill level 5 in Unarmed Combat
  1374 | D:3      | Identified the +7 whip of Dutey {venom, rF++ Int+3}
  1514 | D:3      | Found Bostro Bouni's Book Emporium.
  1543 | D:3      | Reached XP level 5. HP: 33/33 MP: 5/5
  1703 | D:3      | Found a runed translucent door.
  1704 | D:3      | Noticed Cris's ghost (amateur DsEE)
  1759 | D:3      | Identified the ring "Xaxubren" {rF- rCorr Str+5 Dex+3}
  1930 | D:4      | Reached skill level 6 in Unarmed Combat
  2140 | D:4      | Found a radiant altar of Vehumet.
  2168 | D:4      | Reached XP level 6. HP: 32/38 MP: 6/6
  2274 | D:4      | Found Weonin's Assorted Antiques.
  2285 | D:4      | Bought a scroll labelled XEFI GYEKKEUGE for 31 gold pieces
  2296 | D:4      | Found an ancient bone altar of Kikubaaqudgha.
  2368 | D:4      | Reached skill level 7 in Unarmed Combat
  2527 | D:4      | Identified the +0 halberd of the Seeker {pain, Will+ rCorr}
  2728 | D:5      | Entered Level 5 of the Dungeon
  2808 | D:5      | Noticed Pikel
  2819 | D:5      | Slain by Pikel

Illustrated notes

Levels and vault maps discovered:
D:1:      saegor_arrival_simple_e, layout_loops_ring
D:2:      layout_loops_ring, uniq_natasha
D:3:      layout_rooms, serial_shops, shop, gammafunk_ghost_grave
D:4:      layout_cave_pods, mainiacjoe_overflow_small_starburst,
          old_standard_altar, serial_shops, shop
D:5:      layout_basic, chequers_temple_overflow_statue_of_worship,
          overflow_temple_1_default, minmay_misc_feat_plants, uniq_pikel

Skill      XL: |  1  2  3  4  5  6 |
---------------+-------------------+-----
Unarmed Combat | 4 5 6 7 |  7.3
Fighting       | |  1.0
Dodging        | |  2.0
Shapeshifting  | |  3.0

Action                     |  1- 3 |  4- 6 || total
---------------------------+-------+-------++-------
  Melee: Unarmed           |    35 |    94 ||   129
         Tentacles         |     8 |     5 ||    13
         Constrict         |     8 |    15 ||    23
         Punch             |     1 |     5 ||     6
    Use: Potion            |       |     2 ||     2
         Scroll            |       |     6 ||     6
   Stab: Sleeping          |     8 |    12 ||    20
         Distracted        |     1 |       ||     1
 Armour: Skin              |     8 |    53 ||    61
  Dodge: Dodged            |     8 |    44 ||    52

Table legend: (Time is in decaauts)
 A = Elapsed time spent in this place.
 B = Non-inter-level travel time spent in this place.
 C = Inter-level travel time spent in this place.
 D = Time resting spent in this place.
 E = Time spent auto-exploring this place.
 F = Levels seen in this place.
 G = Mean time per level.
                   A        B        C        D        E       F      G
               +--------+--------+--------+--------+--------+-----+--------+
         Total |   2805 |   2691 |    114 |    226 |   1928 |   5 |  561.0 |
       Dungeon |   2805 |   2691 |    114 |    226 |   1928 |   5 |  561.0 |
               +--------+--------+--------+--------+--------+-----+--------+

Top non-repeatable levels by time:
     D:4: 859 daAuts
     D:2: 699 daAuts
     D:1: 651 daAuts
     D:3: 519 daAuts
     D:5: 75 daAuts
